 Dungeon Crawl Stone Soup version 0.31-a0-876-gfe8ebadbca (webtiles) character file.

Game seed: 7480746854940941335

4472 Newt the Skirmisher (level 10, -23/62 HPs)
             Began as a Kobold Hunter on Oct 13, 2023.
             Was a Follower of Hepliaklqana.
             Annihilated by a large slime creature (31 damage)
             ... on level 8 of the Dungeon.
             The game lasted 00:07:07 (8875 turns).

Newt the Skirmisher (Kobold Hunter)                 Turns: 8875, Time: 00:07:08

Health: -23/62     AC:  7    Str:  8    XL:     10   Next: 64%
Magic:  10/10      EV: 17    Int: 10    God:    Hepliaklqana [*.....]
Gold:   404        SH:  0    Dex: 20    Spells: 9/9 levels left

rFire   . . .        l - +11 arbalest of Integrity {speed, *Corrode rC+ rN+++}
rCold   + . .        (shield currently unavailable)
rNeg    + + +        y - +0 leather armour of Resonance {Drain rElec rPois Will+++ Dex-4}
rPois   +            w - +1 hat
rElec   +            d - +1 cloak {rPois}
rCorr   +            (no gloves)
SInv    .            F - +0 pair of boots
Will    ++++.        (no amulet)
Stlth   +++          g - ring of willpower
HPRegen 0.30/turn    t - ring of resist corrosion
MPRegen 0.12/turn

%: corrode self (3%)
@: no status effects
A: reduced essence, small, no large weapons, nightstalker 3
a: Renounce Religion, Recall Ancestor, Ancestor Identity


You were on level 8 of the Dungeon.
You worshipped Hepliaklqana.
Hepliaklqana was aware of your devotion.
You visited 2 branches of the dungeon, and saw 9 of its levels.

You collected 544 gold pieces.
You spent 140 gold pieces at shops.

Inventory:

Hand Weapons
 a - a +0 shortbow
 l - the +11 arbalest of Integrity (weapon) {speed, *Corrode rC+ rN+++}
   (You acquired it on level 7 of the Dungeon)

   rC+:       It protects you from cold.
   rN+++:     It renders you almost immune to negative energy.
   *Corrode:  It may corrode you when you take damage.
Armour
 c - a +0 leather armour
 d - a +1 cloak of poison resistance (worn)
 h - the +3 robe of Xirep {rC+++ Will+ rCorr Str-5}
   (You found it on level 3 of the Dungeon)

   Str-5:     It affects your strength (-5).
   rC+++:     It renders you almost immune to cold.
   Will+:     It increases your willpower.
   rCorr:     It protects you from acid and corrosion.
 q - a +0 helmet
 v - a +1 leather armour of fire resistance
 w - a +1 hat (worn)
 y - the +0 leather armour of Resonance (worn) {Drain rElec rPois Will+++ Dex-4}
   (You bought it in a shop on level 6 of the Dungeon)

   Dex-4:     It affects your dexterity (-4).
   rElec:     It insulates you from electricity.
   rPois:     It protects you from poison Will+++: It greatly increases your
   willpower.
   Drain:     It drains your maximum health when unequipped.
 F - a +0 pair of boots (worn)
Jewellery
 g - a ring of willpower (left hand)
 r - a ring of wizardry
 t - a ring of resist corrosion (right hand)
Talismans
 e - a beast talisman
Wands
 i - a wand of quicksilver (12)
 j - a wand of roots (7)
 o - a wand of mindburst (22)
Scrolls
 k - 2 scrolls of identify
 m - a scroll of poison {unknown}
 n - 2 scrolls of noise {unknown}
 p - a scroll of fog
 s - a scroll of enchant weapon {unknown}
 x - a scroll of enchant armour {unknown}
 z - a scroll of teleportation
 A - a scroll of brand weapon {unknown}
 B - a scroll of blinking {unknown}
 C - a scroll of amnesia {unknown}
Potions
 f - 2 potions of degeneration
 u - 2 potions of curing
 D - a potion of magic
 E - a potion of brilliance {unknown}


   Skills:
 + Level 11.0 Fighting
 - Level 14.0 Ranged Weapons
 - Level 6.0 Dodging
 - Level 1.3 Stealth


You had 9 spell levels left.
You didn't know any spells.
Your spell library contained the following spells:

 Spells                   Type           Power      Damage    Failure   Level
 Apportation              Tloc           0%         N/A       50%         1
 Magic Dart               Conj           0%         1d3       50%         1
 Necrotise                Necr           0%         1d4       50%         1
 Summon Small Mammal      Summ           0%         N/A       50%         1
 Call Imp                 Summ           0%         N/A       63%         2
 Cigotuvi's Dreadful Rot  Necr/Pois/Air  0%         N/A       63%         2
 Ensorcelled Hibernation  Hex/Ice        0%         N/A       63%         2
 Jinxbite                 Hex            0%         N/A       63%         2
 Passwall                 Tmut/Erth      0%         N/A       63%         2
 Ignite Poison            Fire/Tmut/Pois 0%         N/A       86%         3
 Mephitic Cloud           Conj/Pois/Air  0%         N/A       86%         3
 Swiftness                Air            0%         N/A       86%         3
 Alistair's Intoxication  Tmut/Pois      0%         N/A       100%        5
 Freezing Cloud           Conj/Ice/Air   0%         6-21      100%        5


Dungeon Overview and Level Annotations

Branches:
Dungeon (8/15)             Temple (1/1) D:7            Lair (0/5) D:8

Altars:
Ashenzari
Cheibriados
Dithmenos
Fedhas
Hepliaklqana
Kikubaaqudgha
Makhleb
Nemelex Xobeh
Okawaru
Qazlal
Ru
Sif Muna
Trog
Uskayaw
Vehumet
Wu Jian
Xom
Yredelemnul
Zin
The Shining One
Jiyva

Shops:
D:6 :[

Annotations:
D:5 1 runed translucent door
D:8 1 transporter


Innate Abilities, Weirdness & Mutations

Your life essence is reduced to manifest your ancestor. (-10% HP)
You are small and have problems with some larger weapons.
You are completely attuned to the shadows.


Message History

A very large slime creature splits.
The large slime creature hits your butterfly!!!
Your butterfly dies!
Your butterfly disappears in a burst of colours!
Cynebald hits the large slime creature.
Unknown command.
Fire: l) +11 arbalest of Integrity {speed, *Corrode rC+ rN+++}
Press: ? - help, Shift-Dir - straight line, f - slime creature, p - large slime creature
Aim: a slime creature (heavily wounded, 89% to hit)
You shoot a bolt. The bolt hits your butterfly!
You kill your butterfly!
Your butterfly disappears in a burst of colours!
The large slime creature closely misses Cynebald.
A large slime creature splits.
Cynebald hits the large slime creature.
Unknown command.
Unknown command.
The slime creature barely misses you.
The large slime creature hits Cynebald!!
Cynebald is destroyed!
Two slime creatures merge to form a large slime creature.
Unknown command.
Fire: l) +11 arbalest of Integrity {speed, *Corrode rC+ rN+++}
Press: ? - help, Shift-Dir - straight line, f - large slime creature, p - slime creature
Aim: a large slime creature (severely wounded, unaware, hasn't noticed you, 89% to hit)
You shoot a bolt. The large slime creature quivers.
The bolt hits the slime creature!!
The slime creature is almost dead.
The slime creature misses you.
Unknown command.
Fire: l) +11 arbalest of Integrity {speed, *Corrode rC+ rN+++}
Press: ? - help, Shift-Dir - straight line, f/p - large slime creature
Aim: a large slime creature (severely wounded, 89% to hit)
You shoot a bolt.
The bolt hits the large slime creature!!
The large slime creature is almost dead.
The slime creature hits you but does no damage.
The large slime creature hits you!!
Ouch! That really hurt!
You die...

#.# #.# #)# #.# #.# ##.####.#
#.### #.# ##..#....# #...#
#.####......#####.#.#####
#.##..©.................#
####.########..#####.#.###.#
#....##.###.#### #.#.# #.#
#.####.b#.#..#######.#.# #.#
#.# #....b.@b©#......#.###.#
#.# ###.bbJJ##########.##..#
#.# #©.bbb.b# #.#...# ##.##
##bJ...## #.#...# ##.#.##
(...bb. ########...... #.###.#
.b#)#. ##.............
##^#R####}###"##.#######......
#.###.#######.###...........
### #.#..©..#.# #.######...#


You could see 2 large slime creatures and a slime creature.

Vanquished Creatures
  A two-headed ogre (D:8)
  A glowing orange brain (D:8)
  Pikel (D:7)
  Grinder (D:6)
  2 wyverns (D:7)
  Eustachio (D:6)
  An ice beast (D:6)
  A sky beast (D:6)
  3 black bears
  An ogre (D:5)
  2 centaurs (D:8)
  Blork the orc (D:6)
  2 bullfrogs
  A scorpion (D:6)
  10 wights
  2 jellies
  2 howler monkeys (D:7)
  3 orc priests
  3 hounds
  Crazy Yiuf (D:6)
  A gnoll bouda (D:7)
  2 sleepcaps
  Jessica (D:3)
  3 orc wizards
  Terence (D:3)
  4 iguanas
  6 gnolls
  8 adders
  3 shadow imps
  A white imp (D:5)
  An ufetubus (D:6)
  A worm (D:2)
  2 dart slugs
  15 orcs
  3 endoplasms (D:1)
  3 giant cockroaches
  4 goblins
  6 hobgoblins
  3 quokkas
  2 ball pythons
  4 bats
  3 frilled lizards
  6 kobolds
  8 rats
131 creatures vanquished.

Vanquished Creatures (others)
  An ancestor (D:8)
1 creature vanquished.

Grand Total: 132 creatures vanquished

Notes
Turn   | Place    | Note
-------+----------+-------------------------------------------
     0 | D:1      | Newt the Kobold Hunter began the quest for the Orb.
     0 | D:1      | Reached XP level 1. HP: 12/12 MP: 1/1
   355 | D:1      | Reached XP level 2. HP: 18/18 MP: 2/2
   641 | D:1      | Reached XP level 3. HP: 22/23 MP: 3/3
  1609 | D:2      | Reached XP level 4. HP: 30/30 MP: 4/4
  1747 | D:2      | Found a faded altar of an unknown god.
  1778 | D:2      | Reached skill level 5 in Fighting
  2201 | D:3      | Reached XP level 5. HP: 35/35 MP: 5/5
  2201 | D:3      | Identified the +3 robe of Xirep {rC+++ Will+ rCorr Str-5}
  2266 | D:3      | Noticed Terence
  2275 | D:3      | Killed Terence
  2276 | D:3      | Reached skill level 6 in Ranged Weapons
  2355 | D:3      | Noticed Jessica
  2356 | D:3      | Killed Jessica
  2510 | D:3      | You fall into a shaft and drop 2 floors!
  2510 | D:5      | Entered Level 5 of the Dungeon
  2529 | D:5      | Found a radiant altar of Vehumet.
  2568 | D:4      | Reached skill level 7 in Ranged Weapons
  2568 | D:4      | Reached XP level 6. HP: 30/40 MP: 6/6
  2827 | D:4      | Found a blossoming altar of Fedhas.
  2837 | D:4      | Found a hide-covered altar of Uskayaw.
  2839 | D:4      | Found a shimmering blue altar of Sif Muna.
  2846 | D:4      | Reached skill level 8 in Ranged Weapons
  2871 | D:4      | Found a shadowy altar of Dithmenos.
  2880 | D:4      | Found a shimmering altar of Xom.
  3781 | D:5      | Noticed a black bear
  3784 | D:5      | Reached XP level 7. HP: 44/44 MP: 7/7
  3796 | D:5      | Reached skill level 9 in Ranged Weapons
  3941 | D:5      | Identified the +5 dagger of Golden Guilt {venom, rC- rCorr
                  | Dex+6 Stlth+}
  4028 | D:5      | Found a runed translucent door.
  4028 | D:5      | Noticed a human
  4053 | D:5      | Reached skill level 10 in Ranged Weapons
  4349 | D:5      | Found an iron altar of Okawaru.
  4663 | D:5      | Found a basalt altar of Yredelemnul.
  4720 | D:6      | Found Plog's Book Boutique.
  4787 | D:6      | Reached XP level 8. HP: 49/49 MP: 8/8
  4801 | D:6      | Reached skill level 5 in Dodging
  4804 | D:6      | HP: 2/49 [poisoned by a wight]
  5500 | D:6      | Found Raoloemu's Antique Armour Boutique.
  5511 | D:6      | Reached skill level 11 in Ranged Weapons
  5511 | D:6      | Bought an amber-encrusted leather armour for 140 gold
                  | pieces
  5511 | D:6      | Identified the +0 leather armour of Resonance {Drain rElec
                  | rPois Will+++ Dex-4} (You bought it in a shop on level 6 of
                  | the Dungeon)
  5571 | D:6      | Noticed Grinder
  5578 | D:6      | Killed Grinder
  5579 | D:6      | Reached skill level 12 in Ranged Weapons
  5579 | D:6      | Reached XP level 9. HP: 41/54 MP: 9/9
  5710 | D:6      | Noticed Eustachio
  5733 | D:6      | Killed Eustachio
  5734 | D:6      | Reached skill level 13 in Ranged Weapons
  5858 | D:6      | Noticed Blork the orc
  5864 | D:6      | Killed Blork the orc
  6343 | D:6      | Found a runed translucent door.
  6346 | D:6      | Noticed Crazy Yiuf
  6360 | D:6      | Killed Crazy Yiuf
  6713 | D:7      | Noticed Pikel
  6741 | D:7      | Killed Pikel
  6742 | D:7      | Reached skill level 14 in Ranged Weapons
  7113 | D:7      | Found a snail-covered altar of Cheibriados.
  7469 | D:7      | Found a staircase to the Ecumenical Temple.
  7515 | Temple   | Entered the Ecumenical Temple
  7528 | Temple   | Became a worshipper of Hepliaklqana the Forgotten
  7543 | D:7      | Identified a scroll of acquirement
  7544 | D:7      | Acquired the +11 arbalest of Integrity {speed, *Corrode rC+
                  | rN+++}
  7905 | D:7      | Reached XP level 10. HP: 64/64 MP: 10/10
  8356 | D:8      | Found a staircase to the Lair.
  8486 | D:8      | Found a burning altar of Makhleb.
  8573 | D:8      | Noticed a two-headed ogre
  8578 | D:8      | Killed a two-headed ogre
  8579 | D:8      | Reached skill level 10 in Fighting
  8650 | D:8      | Reached * piety under Hepliaklqana
  8794 | D:8      | Found a transporter.
  8800 | D:8      | Found a transporter.
  8800 | D:8      | Noticed a glowing orange brain
  8856 | D:8      | Found a viscous altar of Jiyva.
  8862 | D:8      | Killed a glowing orange brain
  8875 | D:8      | Annihilated by a large slime creature

Illustrated notes

Levels and vault maps discovered:
D:1:      lemuel_arrival_cross, layout_basic, st_stairs_12,
          corexii_corridor_pit, nrook_loot_triangle, patterned_corridor
D:2:      layout_loops_ring, hellmonk_ecumenical_altar_crossroads
D:3:      kennysheep_the_goblin_king, layout_loops_ring,
          nicolae_underground_beach, uniq_jessica, uniq_terence
D:4:      layout_loops_corners, minmay_overflow_temple_star_hex
D:5:      layout_cave_pools, okawaru_gym_becter, fiery_altar_vehumet,
          dk_yredelemnul_ordeal
D:6:      layout_cave_pods, serial_shops, shop, shop, uniq_crazy_yiuf_cottage,
          uniq_blork_the_orc, uniq_grinder, uniq_eustachio
D:7:      layout_gridville, mainiacjoe_overflow_cross_hatched,
          minmay_temple_entry_crystal_x, minivault_5, uniq_pikel
D:8:      gammafunk_jiyva_shrine, layout_loops_ring, amcnicky_altar_gilded,
          dpeg_oklobed_lair
Temple:   zaba_magenta_temple

Skill      XL: |  1  2  3  4  5  6  7  8  9 10 |
---------------+-------------------------------+-----
Fighting       | 3 4 5 7 11 | 11.0
Ranged Weapons | 7 8 10 12 14 | 14.0
Dodging        | 4 6 |  6.0
Stealth        | |  1.3

Action                     |  1- 3 |  4- 6 |  7- 9 | 10-12 || total
---------------------------+-------+-------+-------+-------++-------
   Fire: Shortbow          |    97 |   128 |   286 |       ||   511
         Arbalest          |       |       |     9 |    43 ||    52
    Use: Scroll            |     6 |     2 |     3 |     1 ||    12
         Potion            |       |       |     5 |       ||     5
 Armour: Leather armour    |    19 |    19 |    28 |     7 ||    73
         Robe              |       |    18 |    55 |       ||    73
         Skin              |       |       |     2 |       ||     2
  Dodge: Dodged            |    26 |    68 |   131 |    10 ||   235

Table legend: (Time is in decaauts)
 A = Elapsed time spent in this place.
 B = Non-inter-level travel time spent in this place.
 C = Inter-level travel time spent in this place.
 D = Time resting spent in this place.
 E = Time spent auto-exploring this place.
 F = Levels seen in this place.
 G = Mean time per level.
                   A        B        C        D        E       F      G
               +--------+--------+--------+--------+--------+-----+--------+
         Total |   8849 |   8462 |    387 |   1196 |   6303 |   9 |  983.2 |
       Dungeon |   8822 |   8460 |    362 |   1196 |   6303 |   8 | 1102.8 |
        Temple |     26 |      1 |     25 |      0 |      0 |   1 |   26.0 |
               +--------+--------+--------+--------+--------+-----+--------+

Top non-repeatable levels by time:
     D:6: 1745 daAuts
     D:7: 1313 daAuts
     D:4: 1206 daAuts
     D:5: 1201 daAuts
     D:1: 1182 daAuts
     D:2: 1041 daAuts
     D:8: 814 daAuts
     D:3: 317 daAuts
  Temple: 26 daAuts
